 Dungeon Crawl Stone Soup version 0.20-a0-81-g6e69d53 (webtiles) character file.

405 wazuzu the Magician (level 6, -2/45 HPs)
             Began as a Draconian Fire Elementalist on Nov 20, 2016.
             Slain by Duvessa
             ... wielding a +0 short sword
              (8 damage)
             ... on level 4 of the Dungeon.
             The game lasted 00:11:53 (4651 turns).

wazuzu the Magician (Draconian Fire Elementalist)   Turns: 4651, Time: 00:11:53

Health: -2/45      AC:  9    Str: 10    XL:     6   Next: 56%
Magic:  0/13       EV: 12    Int: 18    God:
Gold:   291        SH:  0    Dex: 11    Spells: 1 memorised, 14 levels left

rFire  . . .     SeeInvis .     l - +8 club
rCold  . . .     Gourm    .     (armour unavailable)
rNeg   . . .     Faith    .     (no shield)
rPois  .         Spirit   .     c - +0 hat
rElec  .         Reflect  .     t - +0 cloak
rCorr  .         Harm     .     (no gloves)
MR     .....                    (no boots)
Stlth  ++........               (no amulet)
                                (no ring)
                                r - +2 ring of protection

@: no status effects
A: unfitting armour, cold-blooded, AC +6
a: no special abilities


You were on level 4 of the Dungeon.
You were not hungry.

You visited 1 branch of the dungeon, and saw 4 of its levels.

You collected 291 gold pieces.

Inventory:

Hand Weapons
 l - a +8 club (weapon)
Armour
 c - a +0 hat (worn)
 t - a +0 cloak (worn)
Jewellery
 r - a +2 ring of protection (left hand)
Wands
 n - a wand of digging (9/24)
 o - a wand of flame (25/48)
Scrolls
 e - 3 scrolls of remove curse {unknown}
 g - a scroll of teleportation {unknown}
 h - 3 scrolls of identify {unknown}
 m - a scroll of enchant weapon {unknown}
 p - a scroll of fear
 v - 2 scrolls of amnesia {unknown}
 w - a scroll of random uselessness {unknown}
 x - a scroll of fog {unknown}
 y - a scroll of recharging {unknown}
Potions
 d - a potion of heal wounds {unknown}
 i - 5 potions of curing {unknown}
 k - a potion of lignification {unknown}
 q - a potion of haste {unknown}
 s - a potion of brilliance {unknown}
 A - a potion of ambrosia {unknown}
Books
 a - a book of Flames

   Spells                             Type                      Level
   a - Flame Tongue                   Conjuration/Fire             1
   b - Throw Flame                    Conjuration/Fire             2
   c - Conjure Flame                  Conjuration/Fire             3
   d - Inner Flame                    Hexes/Fire                   3
   e - Sticky Flame                   Conjuration/Fire             4
   f - Fireball                       Conjuration/Fire             5
Comestibles
 b - 5 bread rations
 f - a slice of pizza
 j - 4 meat rations
 u - a fruit
 z - a beef jerky


   Skills:
 - Level 1.7 Dodging
 - Level 1.7 Stealth
 - Level 5.3 Spellcasting
 + Level 4.0 Conjurations
 + Level 3.1 Fire Magic


You had 14 spell levels left.
You knew the following spells:

 Your Spells              Type           Power        Failure   Level  Hunger
a - Flame Tongue          Conj/Fire      ###..        3%          1    None


Dungeon Overview and Level Annotations

Branches:
Dungeon (4/15)
 Temple: D:4-7

Altars:
Gozag
Yredelemnul

Annotations:
D:4 Dowan; Duvessa; wazuzu's ghost, novice HOMo


Innate Abilities, Weirdness & Mutations

Your plain brown scales are hard. (AC +6)
You cannot fit into any form of body armour.
You are cold-blooded and may be slowed by cold attacks.


Message History

Duvessa is almost dead.
Duvessa hits you with a short sword!
* * * LOW HITPOINT WARNING * * *
Dowan gestures at you while chanting. You resist with some effort.
Duvessa hits you but does no damage.
Casting: Flame Tongue
Confirm with . or Enter, or press ? or * to list all spells.
Aiming: Flame Tongue
Press: ? - help, Shift-Dir - straight line, f/p - Duvessa
Aim: Duvessa, wielding a short sword and wearing a chain mail (almost dead, fast)
The flame tongue hits Duvessa.
Duvessa appears unharmed.
Duvessa is almost dead.
Duvessa hits you with a short sword.
* * * LOW HITPOINT WARNING * * *
Dowan hits you with a dagger.
* * * LOW HITPOINT WARNING * * *
You barely miss Duvessa.
Your tail-slap misses Duvessa.
Duvessa is almost dead.
Duvessa hits you with a short sword!
You die...

##+# # #.>.# .#
.....# #.###
......####....##
.......#........
.......e@.......
.......#e##...#.
......##.# .#
.....# #.# #...#
#.# ##+# #.# #..
###


You could see Duvessa and Dowan.

Vanquished Creatures
  Crazy Yiuf (D:2)
  Jessica (D:2)
  3 orc wizards (D:3)
  Ijyb (D:2)
  Natasha (thrice) (D:1)
  Robin (D:2)
  4 adders (D:3)
  An ooze (D:3)
  An adder skeleton (D:3)
  3 worms
  3 dart slugs (D:1)
  A leopard gecko (D:1)
  10 orcs (D:3)
  4 ball pythons
  8 bats
  2 giant cockroaches (D:1)
  18 goblins
  7 hobgoblins
  A quokka (D:3)
  7 frilled lizards
  13 kobolds
  11 rats
104 creatures vanquished.

Notes
Turn   | Place    | Note
-------+----------+-------------------------------------------
     0 | D:1      | wazuzu the Draconian Fire Elementalist began the quest for the Orb.
     0 | D:1      | Reached XP level 1. HP: 14/14 MP: 3/3
   414 | D:1      | Reached XP level 2. HP: 19/20 MP: 3/5
  1302 | D:2      | Reached skill level 3 in Spellcasting
  1307 | D:2      | Reached XP level 3. HP: 26/26 MP: 0/7
  1558 | D:2      | Noticed Ijyb
  1678 | D:2      | Noticed Natasha
  1678 | D:2      | Noticed Jessica
  1685 | D:2      | Killed Jessica
  1870 | D:1      | Killed Natasha
  1870 | D:1      | Reached XP level 4. HP: 19/33 MP: 1/9
  2386 | D:1      | Noticed Natasha
  2390 | D:1      | Killed Natasha
  2390 | D:1      | Reached skill level 4 in Spellcasting
  2473 | D:1      | Noticed Natasha
  2481 | D:1      | Killed Natasha
  2481 | D:1      | Reached XP level 5. HP: 23/38 MP: 11/11
  2616 | D:2      | Noticed Robin
  2623 | D:2      | Killed Robin
  3207 | D:2      | Found a runed door.
  3211 | D:2      | Noticed Crazy Yiuf
  3218 | D:2      | Killed Crazy Yiuf
  3261 | D:2      | Killed Ijyb
  3472 | D:3      | Reached XP level 6. HP: 45/45 MP: 1/13
  3763 | D:3      | Found a basalt altar of Yredelemnul.
  3769 | D:3      | Reached skill level 5 in Spellcasting
  3955 | D:3      | Found an opulent altar of Gozag.
  4537 | D:4      | Noticed wazuzu's ghost (novice HOMo)
  4633 | D:4      | Noticed Duvessa
  4633 | D:4      | Noticed Dowan
  4651 | D:4      | Slain by Duvessa

Vault maps used:
D:1:      dpeg_arrival_solitude
D:2:      first_bread, grunt_ministairs_3, uniq_natasha, uniq_robin, uniq_iyjb,
          uniq_jessica, uniq_crazy_yiuf_cottage
D:3:      yredelemnul_altar_generic,
          nicolae_gozag_cash_rules_everything_around_me
D:4:      minmay_hedge_maze, nicolae_dithmenos_through_a_glass_darkly,
          uniq_sigmund, uniq_duvessa

Skill      XL: |  1  2  3  4  5  6 |
---------------+-------------------+-----
Spellcasting   | 3 4 5 |  5.3
Conjurations   | 2 3 4 |  4.0
Dodging        | |  1.7
Stealth        | |  1.7
Fire Magic     | |  3.1

Action                   |  1- 3 |  4- 6 || total
-------------------------+-------+-------++-------
Melee: Unarmed           |    24 |       ||    24
       Tailslap          |     3 |     7 ||    10
       Club              |    13 |   139 ||   152
 Cast: Flame Tongue      |    59 |    57 ||   116
  Use: Scroll            |       |     1 ||     1
 Stab: Sleeping          |       |     1 ||     1
  Eat: Chunk             |     3 |     8 ||    11
       Fruit             |       |     1 ||     1
Armor: Skin              |    42 |    61 ||   103
Dodge: Dodged            |    56 |   118 ||   174
